 Dungeon Crawl Stone Soup version 0.29-a0-322-g68df515428 (webtiles) character file.

Game seed: 8873977957268504241

88 testman the Chiller (level 4, -1/30 HPs)
             Began as a Merfolk Ice Elementalist on Apr 8, 2022.
             Was a Follower of Kikubaaqudgha.
             Slain by an ice beast (14 damage)
             ... on level 3 of the Dungeon.
             The game lasted 00:05:11 (2071 turns).

testman the Chiller (Merfolk Ice Elementalist)      Turns: 2071, Time: 00:05:12

Health: -1/30      AC:  6    Str: 14    XL:     4   Next: 54%
Magic:  8/8        EV: 12    Int: 16    God:    Kikubaaqudgha [*.....]
Gold:   140        SH:  0    Dex: 14    Spells: 2/9 levels left

rFire   . . .      SeeInvis +   c - +2 short sword (vamp)
rCold   . . .      Faith    .   (no shield)
rNeg    . . .      Spirit   .   a - +0 robe
rPois   .          Reflect  .   e - +1 helmet
rElec   .          Harm     .   (no cloak)
rCorr   .          Rampage  .   (no gloves)
Will    .....                   x - +1 pair of boots
Stlth   ++........              j - amulet of regeneration
HPRegen 0.90/turn               k - +6 ring of strength
MPRegen 0.11/turn               q - ring of see invisible

@: no status effects
A: (nimble swimmer 2), mertail
a: Renounce Religion, Receive Corpses


You were on level 3 of the Dungeon.
You worshipped Kikubaaqudgha.
Kikubaaqudgha was aware of your devotion.
You visited 1 branch of the dungeon, and saw 4 of its levels.

You collected 140 gold pieces.

Inventory:

Hand Weapons
 c - a +2 vampiric short sword (weapon)
Missiles
 i - 152 stones
 v - 6 poisoned darts
Armour
 a - a +0 robe (worn)
 e - a +1 helmet (worn)
 x - a +1 pair of boots (worn)
Jewellery
 j - an amulet of regeneration (around neck)
 k - a +6 ring of strength (left hand)
 q - a ring of see invisible (right hand)
 t - a ring of protection from cold
Scrolls
 d - 2 scrolls of noise {unknown}
 l - a scroll of blinking
 u - a scroll of teleportation {unknown}
 w - a scroll of immolation {unknown}
Potions
 b - a potion of magic
 f - 2 potions of might
 g - a potion of mutation {unknown}
 m - 2 potions of cancellation {unknown}
 n - 3 potions of curing {unknown}
 o - 2 potions of brilliance {unknown}
 p - 2 potions of flight {unknown}
 r - 2 potions of haste {unknown}
 s - a potion of invisibility {unknown}


   Skills:
 - Level 2.6 Dodging
 - Level 2.1 Stealth
 + Level 3.0 Spellcasting
 + Level 1.3 Necromancy
 + Level 5.2 Ice Magic


You had 2 spell levels left.
You knew the following spells:

 Your Spells              Type           Power      Damage    Failure   Level
a - Freeze                Ice            76%        1d9       2%          1
b - Frozen Ramparts       Ice            38%        1d5       6%          3
c - Ozocubu's Armour      Ice            19%        N/A       6%          3

Your spell library contained the following spells:

 Spells                   Type           Power      Damage    Failure   Level
 Animate Skeleton         Necr           12%        N/A       11%         1
 Pain                     Necr           24%        1d5       11%         1
 Sublimation of Blood     Necr           6%         N/A       16%         2
 Corpse Rot               Necr/Air       8%         N/A       22%         2
 Vampiric Draining        Necr           6%         2d6       32%         3
 Hailstorm                Conj/Ice       10%        3d5       54%         4
 Dispel Undead            Necr           6%         3d8       71%         4
 Petrify                  Tmut/Erth      2%         N/A       88%         4
 Agony                    Necr           6%         N/A       96%         5
 Irradiate                Conj/Tmut      1%         3d13      99%         5
 Death Channel            Necr           3%         N/A       100%        6


Dungeon Overview and Level Annotations

Branches:
Dungeon (4/15)
 Temple: D:4-7

Altars:
Kikubaaqudgha


Innate Abilities, Weirdness & Mutations

((You are very nimble when in or above water. (Stealth+, EV+, Speed+++)))
Your lower body shifts to a powerful aquatic tail in water.


Message History

The ball python constricts you.
You barely miss the ball python. The ball python barely misses you.
The ball python constricts you.
You puncture the ball python!
You kill the ball python!
Kikubaaqudgha accepts your kill.
The ice beast hits you but does no damage.
You hit the ice beast.
The ice beast is lightly wounded.
The ice beast barely misses you.
You hit the ice beast.
The ice beast is moderately wounded.
The ice beast hits you but does no damage.
You hit the ice beast.
The ice beast is heavily wounded.
The ice beast hits you. The ice beast freezes you!
You hit the ice beast.
You feel better.
The ice beast is heavily wounded.
The ice beast barely misses you.
You barely miss the ice beast.
The ice beast is heavily wounded.
The ice beast closely misses you.
You barely miss the ice beast.
The ice beast is heavily wounded.
The ice beast barely misses you.
You barely miss the ice beast.
The ice beast is heavily wounded.
The ice beast hits you. The ice beast freezes you!
You are too injured to fight recklessly!
You are too injured to fight recklessly!
You are too injured to fight recklessly!
You hit the ice beast.
The ice beast is severely wounded.
The ice beast closely misses you.
You hit the ice beast.
You feel better.
The ice beast is almost dead.
The ice beast completely misses you. The ice beast hits you.
The ice beast freezes you!
You die...
Kikubaaqudgha rasps: "You have failed me!
Welcome... death!"

..........# #.#
............# #.#
............# #.#
...........†##########.#
.............†.........#
............##.#########
............##.#
............##.#
......Y@.$..##.#
......(.....##.#
.#############.# ...


You could see an ice beast.

Vanquished Creatures
  5 adders
  2 dart slugs
  4 ball pythons
  4 bats
  5 endoplasms
  3 giant cockroaches
  5 hobgoblins (D:2)
  A quokka (D:2)
  5 goblins
  A kobold (D:2)
  4 rats
39 creatures vanquished.

Notes
Turn   | Place    | Note
-------+----------+-------------------------------------------
     0 | D:1      | testman the Merfolk Ice Elementalist began the quest for
                  | the Orb.
     0 | D:1      | Reached XP level 1. HP: 13/13 MP: 3/3
   245 | D:1      | Reached XP level 2. HP: 19/19 MP: 5/5
   457 | D:1      | Found a faded altar of an unknown god.
   464 | D:1      | Prayed at the altar of an unknown god.
   464 | D:1      | Became a worshipper of Kikubaaqudgha
   464 | D:1      | Reached * piety under Kikubaaqudgha
   464 | D:1      | Received a gift from Kikubaaqudgha
  1027 | D:2      | You fall into a shaft and drop 2 floors!
  1128 | D:2      | Reached XP level 3. HP: 12/24 MP: 4/6
  1268 | D:2      | Reached skill level 5 in Ice Magic
  1307 | D:2      | Learned a level 3 spell: Frozen Ramparts
  1311 | D:2      | Learned a level 3 spell: Ozocubu's Armour
  1370 | D:2      | Reached skill level 1 in Necromancy
  1475 | D:2      | Reached XP level 4. HP: 30/30 MP: 8/8
  2054 | D:3      | Noticed an ice beast
  2071 | D:3      | Slain by an ice beast

Illustrated notes

Levels and vault maps discovered:
D:1:      dpeg_arrival_concentric_ovals, layout_basic,
          ebering_ecumenical_altar_abandoned
D:2:      minmay_general_purpose_star, layout_loops_ring
D:3:      layout_basic, nicolae_uskayaw_suspiria, wad_floor_pattern_untrapped
D:4:      layout_loops_ring, mainiacjoe_overflow_surrounded_room,
          nicolae_ossuary_entry_ruins, minmay_a_box_with_orc_wizards_in_it

Skill      XL: |  1  2  3  4 |
---------------+-------------+-----
Ice Magic      | 5 |  5.2
Necromancy     | 1 |  1.3
Spellcasting   | 3 |  3.0
Dodging        | |  2.6
Stealth        | |  2.1

Action                   |  1- 3 |  4- 6 || total
-------------------------+-------+-------++-------
Melee: Short sword       |   105 |    31 ||   136
 Cast: Freeze            |     2 |     1 ||     3
  Use: Scroll            |     4 |     1 ||     5
 Stab: Sleeping          |     7 |     1 ||     8
Armor: Robe              |    25 |    13 ||    38
Dodge: Dodged            |    69 |    18 ||    87

Table legend: (Time is in decaauts)
 A = Elapsed time spent in this place.
 B = Non-inter-level travel time spent in this place.
 C = Inter-level travel time spent in this place.
 D = Time resting spent in this place.
 E = Time spent auto-exploring this place.
 F = Levels seen in this place.
 G = Mean time per level.
                   A        B        C        D        E       F      G
               +--------+--------+--------+--------+--------+-----+--------+
         Total |   2083 |   1905 |    178 |     20 |   1456 |   4 |  520.8 |
       Dungeon |   2083 |   1905 |    178 |     20 |   1456 |   4 |  520.8 |
               +--------+--------+--------+--------+--------+-----+--------+

Top non-repeatable levels by time:
     D:1: 940 daAuts
     D:2: 891 daAuts
     D:3: 220 daAuts
     D:4: 31 daAuts
